 Dungeon Crawl Stone Soup version 0.17.0-28-g6e173f8 (webtiles) character file.

119 Nopony the Magician (level 4, 0/24 HPs)
             Began as a Deep Elf Wizard on Nov 26, 2015.
             Was an Initiate of Gozag.
             Succumbed to poison (a potion of poison)
             ... on level 3 of the Dungeon on Nov 27, 2015.
             The game lasted 00:21:50 (2519 turns).

Nopony the Magician (Deep Elf Wizard)               Turns: 2519, Time: 00:21:55

Health: 0/24       AC:  2    Str:  4    XL:     4   Next: 73%
Magic:  4/13       EV: 12    Int: 24    God:    Gozag
Gold:   164        SH:  0    Dex: 13    Spells: 4 memorised, 6 levels left

rFire  . . .     SeeInvis .     (no weapon)
rCold  . . .     Clarity  .     a - +0 robe
rNeg   . . .     SustAt   .     (no shield)
rPois  .         Gourm    .     b - +0 hat
rElec  .         Spirit   .     (no cloak)
rCorr  .         Warding  .     (no gloves)
rMut   .         Stasis   .     (no boots)
MR     .....                    (no amulet)
Stlth  ++........               (no ring)
                                (no ring)

@: lethally poisoned (0 -> -14), flying (expiring), not resistant to hostile
enchantments, unstealthy
A: no striking features
a: Potion Petition, Call Merchant, Bribe Branch, Renounce Religion


You were on level 3 of the Dungeon.
You worshipped Gozag.
Gozag was noncommittal.
You were not hungry.

You visited 1 branch of the dungeon, and saw 3 of its levels.

You collected 204 gold pieces.
You paid 40 gold pieces to Gozag.

Inventory:

Armour
 a - a +0 robe (worn)
 b - a +0 hat (worn)
 p - a +0 pair of gloves
Scrolls
 d - a scroll of teleportation
 e - a scroll of noise {unknown}
 f - 2 scrolls of amnesia
 k - a scroll of remove curse
 l - a scroll of fog {unknown}
 n - a scroll of identify {unknown}
 r - a scroll of blinking {unknown}
Potions
 i - a potion of haste
 m - 2 potions of poison
Books
 c - a book of Minor Magic

   Spells                             Type                      Level
   a - Magic Dart                     Conjuration                  1
   b - Blink                          Translocation                2
   c - Call Imp                       Summoning                    2
   d - Repel Missiles                 Charms/Air                   2
   e - Slow                           Hexes                        2
   f - Conjure Flame                  Conjuration/Fire             3
   g - Mephitic Cloud                 Conjuration/Poison/Air       3
Comestibles
 q - a beef jerky


   Skills:
 - Level 2.4 Dodging
 - Level 2.4 Stealth
 + Level 5.7 Spellcasting
 * Level 3.0 Conjurations
 * Level 2.1 Summonings
 * Level 1.8 Translocations
 * Level 0.4 Air Magic
 * Level 0.2 Poison Magic


You had 6 spell levels left.
You knew the following spells:

 Your Spells              Type           Power        Failure   Level  Hunger
a - Magic Dart            Conj           ###.         2%          1    None
b - Blink                 Tloc           N/A          8%          2    None
c - Call Imp              Summ           ###.....     6%          2    None
d - Mephitic Cloud        Conj/Pois/Air  ##......     17%         3    #......


Dungeon Overview and Level Annotations

Branches:
Dungeon (3/15)

Altars:
Ashenzari
Dithmenos
Gozag
Makhleb
Zin
The Shining One


Message History

It was a potion of haste.
You feel yourself speed up.
You are very lightly contaminated with residual magic.
It was a potion of poison.
That liquid tasted very nasty...
You are more poisoned.
* * * LOW HITPOINT WARNING * * *
You feel sick.
It was a potion of brilliance.
You feel clever all of a sudden.
* * * LOW HITPOINT WARNING * * *
You feel sick.
It was a potion of flight.
You feel very buoyant.
You fly up into the air.
It was a potion of cancellation.
Your magical effects are unravelling.
Your magical contamination has completely faded away.
You feel magically purged.
You feel yourself slow down.
You feel a little less clever now.
You die...
Your body crumbles into a pile of gold.

### #####.# #.....# #.###.#
####### ###.#<#.# #......
.##.#.#.# ########### #.#####
......#.#######.........# ###
......#.........@$...##.# #####
#)...#############...##.#####...#
......# ..... .....##.##..#...#
.....## ##########...##.##..#._.'
.##.(.# ...........##.##..#...#
.###### #####.....###.#####...#
...<..#.###.........###.### #####
###.#.#...................###
....#.####...........##.....#####


There were no monsters in sight!

Vanquished Creatures
  A worker ant (D:3)
  2 adders (D:3)
  A worm (D:3)
  3 giant geckos
  4 orcs (D:3)
  5 bats
  13 goblins
  A hobgoblin (D:2)
  3 kobolds
  A ball python (D:1)
  3 giant newts (D:3)
  A quokka (D:3)
  9 rats
47 creatures vanquished.

Vanquished Creatures (collateral kills)
  Ijyb (D:3)
  4 orcs (D:3)
5 creatures vanquished.

Grand Total: 52 creatures vanquished

Notes
Turn   | Place    | Note
--------------------------------------------------------------
     0 | D:1      | Nopony the Deep Elf Wizard began the quest for the Orb.
     0 | D:1      | Reached XP level 1. HP: 10/10 MP: 7/7
   248 | D:1      | Reached XP level 2. HP: 15/15 MP: 1/9
   320 | D:1      | Learned a level 2 spell: Blink
   323 | D:1      | Learned a level 2 spell: Call Imp
   512 | D:1      | Found a shattered altar of Ashenzari.
   849 | D:2      | Reached skill level 5 in Spellcasting
   909 | D:2      | Found a shadowy altar of Dithmenos.
  1039 | D:2      | Reached XP level 3. HP: 19/19 MP: 9/11
  1094 | D:2      | Found a burning altar of Makhleb.
  1464 | D:3      | Found a glowing golden altar of the Shining One.
  1508 | D:3      | Found an opulent altar of Gozag.
  1602 | D:3      | Became a worshipper of Gozag Ym Sagoz the Greedy
  1915 | D:3      | Noticed Ijyb
  1954 | D:3      | Killed Ijyb
  1954 | D:3      | Reached XP level 4. HP: 15/24 MP: 5/13
  2028 | D:3      | Learned a level 3 spell: Mephitic Cloud
  2046 | D:3      | Found a glowing silver altar of Zin.
  2517 | D:3      | HP: 1/24 [poison (a potion of poison)]
  2519 | D:3      | Succumbed to poison (a potion of poison)

Action                   |  1- 3 |  4- 6 || total
-------------------------+-------+-------++-------
 Cast: Magic Dart        |    86 |    23 ||   109
       Call Imp          |     4 |     2 ||     6
       Blink             |       |     2 ||     2
  Use: Scroll            |     3 |       ||     3
       Potion            |     1 |     6 ||     7
  Eat: Bread ration      |     1 |       ||     1
